 Dungeon Crawl Stone Soup version 0.27-a0-780-geb8d7bc690 (webtiles) character file.

Game seed: 12095262226228248166

126 Aggronaut the Cudgeller (level 4, -4/38 HPs)
             Began as a Draconian Monk on Mar 26, 2021.
             Was a Believer of Qazlal.
             Slain by a phantom (8 damage)
             ... on level 4 of the Dungeon.
             The game lasted 00:06:33 (3192 turns).

Aggronaut the Cudgeller (Draconian Monk)            Turns: 3192, Time: 00:06:34

Health: -4/38      AC:  8    Str: 14    XL:     4   Next: 83%
Magic:  4/4        EV: 11    Int: 11    God:    Qazlal [**....]
Gold:   122        SH:  6    Dex: 13    Spells: 3/3 levels left

rFire    . . .     SeeInvis .   a - +0 mace
rCold    . . .     Faith    .   l - +0 buckler
rNeg     . . .     Spirit   .   (armour unavailable)
rPois    +         Reflect  .   (helmet restricted)
rElec    .         Harm     .   c - +2 cloak
rCorr    .         Rampage  .   (no gloves)
Will     .....                  (no boots)
Stlth    ++........             (no amulet)
HPRegen  0.12/turn              e - ring of poison resistance
MPRegen  0.09/turn              (no ring)

@: no status effects
A: AC +5, unfitting armour, cold-blooded
a: Renounce Religion, Upheaval


You were on level 4 of the Dungeon.
You worshipped Qazlal.
Qazlal was pleased with you.
You visited 2 branches of the dungeon, and saw 5 of its levels.

You collected 122 gold pieces.

Inventory:

Hand Weapons
 a - a +0 mace (weapon)
Missiles
 m - 11 poisoned darts (quivered)
Armour
 c - a +2 cloak (worn)
 l - a +0 buckler (worn)
Jewellery
 e - a ring of poison resistance (right hand)
Scrolls
 f - 3 scrolls of identify {unknown}
 g - 3 scrolls of teleportation
 h - 2 scrolls of brand weapon {unknown}
 i - a scroll of enchant armour {unknown}
 n - a scroll of vulnerability {unknown}
 o - a scroll of amnesia {unknown}
Potions
 b - 2 potions of attraction {unknown}
 d - a potion of heal wounds
 j - a potion of experience {unknown}
 k - a potion of invisibility {unknown}


   Skills:
 - Level 3.2 Fighting
 + Level 5.6 Maces & Flails
 - Level 2.6 Dodging
 - Level 1.7 Stealth


You had 3 spell levels left.
You didn't know any spells.
Your spell library contained the following spells:

 Spells                   Type           Power      Damage    Failure   Level
 Confusing Touch          Hex            0%         N/A       87%         3
 Gell's Gravitas          Tloc           0%         N/A       87%         3
 Petrify                  Tmut/Erth      0%         N/A       99%         4
 Metabolic Englaciation   Hex/Ice        0%         N/A       100%        5
 Yara's Violent Unravell  Hex/Tmut       0%         3d3       100%        5


Dungeon Overview and Level Annotations

Branches:
Dungeon (4/15)             Temple (1/1) D:4

Altars:
Cheibriados
Dithmenos
Elyvilon
Fedhas
Gozag
Hepliaklqana
Kikubaaqudgha
Nemelex Xobeh
Qazlal
Sif Muna
Yredelemnul
Zin


Innate Abilities, Weirdness & Mutations

Your plain brown scales are hard. (AC +5)
You cannot fit into any form of body armour.
You are cold-blooded and may be slowed by cold attacks.


Message History

Qazlal accepts your kill.
You closely miss the phantom.
The phantom is almost destroyed.
The phantom hits you but does no damage.
You barely miss the phantom.
The phantom is almost destroyed.
The phantom closely misses you.
You hit the phantom but do no damage.
The phantom is almost destroyed.
The phantom hits you.
The phantom blinks!
You blink.
You block the quokka's attack.
The phantom hits you but does no damage.
You closely miss the phantom.
The phantom is severely damaged.
The quokka bites you but does no damage.
The phantom barely misses you. The quokka closely misses you.
You closely miss the phantom.
The phantom is severely damaged.
The phantom hits you.
The phantom blinks!
You blink.
You hit the phantom but do no damage. You tail-slap the phantom.
The phantom is almost destroyed.
You block the quokka's attack. The phantom hits you.
The phantom blinks!
You blink.
Your shield prevents you from hitting the phantom.
The phantom is almost destroyed.
The phantom hits you!
* * * LOW HITPOINT WARNING * * *
The phantom blinks!
You blink.
The phantom misses you.
You closely miss the phantom.
Your tail-slap misses the phantom.
The phantom is almost destroyed.
The phantom hits you but does no damage.
You closely miss the phantom.
You tail-slap the phantom, but do no damage.
The phantom is almost destroyed.
You block the phantom's attack. The orc misses you.
You barely miss the phantom.
You tail-slap the phantom, but do no damage.
The phantom is almost destroyed.
The phantom hits you!
You die...

#.# .# ..#......
#.#.#.#.##.
...##...#....... #.
...##.#...?..#.#...
#+##....#.#..!...#.#
#.#.=##........#...
#.#..##.#.##.#W#.# #
###....!......Jo@..#.
.......##.###.##.#.#.#
#........§§r.J.......#
##.....####§###.##.#.#
##.#..####.###.##.#.##.#
#.#...................#
#.#...†.#######.######
#.####### #.# #.# #.#


You could see a phantom, an orc and an endoplasm.

Vanquished Creatures
  4 adders
  3 dart slugs
  An orc (D:3)
  8 bats
  4 endoplasms
  5 giant cockroaches
  6 goblins
  7 hobgoblins
  18 jackals
  A kobold (D:2)
  4 quokkas
  4 ball pythons
  2 frilled lizards
  2 rats
69 creatures vanquished.

Vanquished Creatures (others)
  15 plants (D:3)
15 creatures vanquished.

Grand Total: 84 creatures vanquished

Notes
Turn   | Place    | Note
-------+----------+-------------------------------------------
     0 | D:1      | Aggronaut the Draconian Monk began the quest for the Orb.
     0 | D:1      | Reached XP level 1. HP: 19/19 MP: 1/1
    76 | D:1      | You fall into a shaft and drop 1 floor!
    95 | D:2      | Reached XP level 2. HP: 17/26 MP: 2/2
   237 | D:2      | Found a sparkling altar of Nemelex Xobeh.
   304 | D:1      | Reached skill level 4 in Maces & Flails
   346 | D:1      | You fall into a shaft and drop 1 floor!
   368 | D:2      | Reached XP level 3. HP: 31/31 MP: 3/3
   620 | D:2      | Found a basalt altar of Yredelemnul.
  1490 | D:2      | Reached XP level 4. HP: 38/38 MP: 4/4
  1624 | D:3      | Reached skill level 5 in Maces & Flails
  2451 | D:3      | Found a hazy altar of Hepliaklqana.
  2930 | D:4      | Found a staircase to the Ecumenical Temple.
  2943 | Temple   | Entered the Ecumenical Temple
  3062 | Temple   | Became a worshipper of Qazlal Stormbringer
  3062 | Temple   | Reached * piety under Qazlal
  3062 | Temple   | Reached ** piety under Qazlal
  3129 | D:4      | Noticed a phantom
  3167 | D:4      | HP: 1/38 [phantom (9)]
  3192 | D:4      | Slain by a phantom

Illustrated notes

Levels and vault maps discovered:
D:1:      dpeg_arrival_windows_large_door, layout_basic, serial_bayou_lagoon_a
D:2:      layout_basic, lemuel_round_altar, general_overflow_altar
D:3:      layout_loops_corners, nicolae_hepliaklqana_hazy_memory
D:4:      layout_loops_corners, chequers_temple_overflow_statue_of_worship,
          minmay_temple_entry_antechambers, minmay_diced_spiral,
          uniq_crazy_yiuf_cottage, uniq_eustachio
Temple:   kb_temple_of_zot

Skill      XL: |  1  2  3  4 |
---------------+-------------+-----
Maces & Flails | 4 5 |  5.6
Fighting       | |  3.2
Dodging        | |  2.6
Stealth        | |  1.7

Action                   |  1- 3 |  4- 6 || total
-------------------------+-------+-------++-------
Melee: Mace              |   133 |   120 ||   253
       Tailslap          |    16 |    18 ||    34
  Use: Potion            |       |     2 ||     2
       Scroll            |       |     1 ||     1
 Stab: Sleeping          |     4 |     6 ||    10
Armor: Skin              |    59 |    40 ||    99
Dodge: Dodged            |   114 |    68 ||   182
Block: Buckler           |       |    20 ||    20

Table legend: (Time is in decaauts)
 A = Elapsed time spent in this place.
 B = Non-inter-level travel time spent in this place.
 C = Inter-level travel time spent in this place.
 D = Time resting spent in this place.
 E = Time spent auto-exploring this place.
 F = Levels seen in this place.
 G = Mean time per level.
                   A        B        C        D        E       F      G
               +--------+--------+--------+--------+--------+-----+--------+
         Total |   3249 |   3130 |    119 |    434 |   1947 |   5 |  649.8 |
       Dungeon |   3100 |   3018 |     82 |    434 |   1863 |   4 |  775.0 |
        Temple |    148 |    111 |     37 |      0 |     84 |   1 |  148.0 |
               +--------+--------+--------+--------+--------+-----+--------+

Top non-repeatable levels by time:
     D:3: 1262 daAuts
     D:1: 830 daAuts
     D:2: 748 daAuts
     D:4: 258 daAuts
  Temple: 148 daAuts
